 Dungeon Crawl Stone Soup version 0.26-a0-651-gb41185065b (webtiles) character file.

Game seed: 9713060370767908913

368866 Flugslaktarn the Warrior (level 21, -5/198 HPs)
             Began as a Deep Dwarf Fighter on Oct 6, 2020.
             Was the Champion of Makhleb.
             Slain by a quicksilver dragon (16 damage)
             ... on level 4 of the Realm of Zot.
             The game lasted 00:18:58 (19325 turns).

Flugslaktarn the Warrior (Deep Dwarf Fighter)      Turns: 19325, Time: 00:18:59

Health: -5/198     AC: 40    Str: 27      XL:     21   Next: 30%
Magic:  4/4        EV: 13    Int: 15 (17) God:    Makhleb [******]
Gold:   51         SH: 29    Dex: 15      Spells: 20/20 levels left

rFire    + + .     SeeInvis .   s - +9 broad axe of Ajottagg {flame, rF+ Int+3}
rCold    + . .     Faith    .   c - +4 tower shield of the Evening {+Blink rF+ rC+ Dex+3}
rNeg     + . .     Spirit   .   i - +5 storm dragon scales
rPois    .         Reflect  +   B - +2 helmet
rElec    +         Harm     .   l - +0 cloak
rCorr    .         Rampage  .   (no gloves)
MR       +++..                  K - +2 pair of boots
Stlth    ..........             D - amulet of reflection
HPRegen  0.00/turn              p - +4 ring of protection
MPRegen  0.09/turn              b - +4 ring of protection

@: berserk cooldown, non-regenerating, slowed, very slow
A: damage resistance, heal wounds, blurry vision 1, clever 1, deterioration 1,
frail 1, negative energy resistance 1, sense surroundings 3, no regeneration
}: 3/15 runes: serpentine, barnacled, abyssal
a: Heal Wounds, Minor Destruction, Lesser Servant of Makhleb, Major Destruction,
Greater Servant of Makhleb, Renounce Religion, Evoke Blink


You were on level 4 of the Realm of Zot.
You worshipped Makhleb.
Makhleb was exalted by your worship.
You visited 7 branches of the dungeon, and saw 35 of its levels.
You visited the Abyss 1 time.

You collected 1452 gold pieces.
You spent 1401 gold pieces at shops.

Inventory:

Hand Weapons
 s - the +9 broad axe of Ajottagg (weapon) {flame, rF+ Int+3}
   (You bought it in a shop on level 9 of the Dungeon)

   It has been specially enchanted to burn those struck by it, causing extra
   injury to most foes and up to half again as much damage against particularly
   susceptible opponents.
   Big, fiery blades are also staple armaments of hydra-hunters.
   It affects your intelligence (+3).
   It protects you from fire.
Missiles
 e - 3 throwing nets (quivered)
Armour
 c - the +4 tower shield of the Evening (worn) {+Blink rF+ rC+ Dex+3}
   (You bought it in a shop on level 2 of the Snake Pit)

   It affects your dexterity (+3).
   It protects you from fire.
   It protects you from cold.
   It lets you blink.
 g - a +3 chain mail of cold resistance
   (You took it off Donald on level 2 of the Snake Pit)
 i - +5 storm dragon scales (worn)
   (You found it on level 5 of the Depths)
 l - a +0 cloak (worn)
   (You found it on level 4 of the Dungeon)
 B - a +2 helmet (worn)
   (You found it on level 3 of the Snake Pit)
 K - a +2 pair of boots (worn)
   (You bought it in a shop on level 11 of the Dungeon)
Jewellery
 b - a +4 ring of protection (right hand)
   (You found it on level 4 of the Depths)
 f - an uncursed ring of protection from fire
   (You found it on level 10 of the Dungeon)
 p - a +4 ring of protection (left hand)
   (You found it on level 10 of the Dungeon)
 D - an amulet of reflection (around neck)
   (You found it on level 3 of the Shoals)
 J - an uncursed ring of protection from fire
   (You found it on level 2 of the Snake Pit)
 M - the ring "Agafucee" {rElec rF- MP+9 Dex+6 SInv}
   (You found it on level 4 of the Depths)

   [ring of dexterity]

   It affects your dexterity (+6).
   It makes you vulnerable to fire.
   It insulates you from electricity.
   It affects your magic capacity (+9).
   It lets you see invisible.
Wands
 a - a wand of acid (17)
   (You found it on level 2 of the Lair of Beasts)
 j - a wand of iceblast (48)
   (You found it on level 8 of the Dungeon)
 F - a wand of digging (13)
   (You found it on level 13 of the Dungeon)
Scrolls
 n - 4 scrolls of immolation
 r - 2 scrolls of identify
 t - a scroll of teleportation
 u - 3 scrolls of enchant weapon
 v - 6 scrolls of fog
 x - 14 scrolls of remove curse
 z - 4 scrolls of blinking
 G - 3 scrolls of magic mapping
Potions
 h - a potion of haste
 m - 4 potions of lignification
 o - a potion of flight
 q - 7 potions of curing
 w - 2 potions of heal wounds
 y - 2 potions of berserk rage
Miscellaneous
 C - a tin of tremorstones (3/3)
   (You found it on level 10 of the Dungeon)
 L - a phial of floods
   (You found it on level 2 of the Snake Pit)


   Skills:
 + Level 20.7 Fighting
 - Level 18.0 Axes
 + Level 18.4 Armour
 - Level 11.0 Dodging
 * Level 12.8 Shields
 - Level 15.0 Invocations
 - Level 10.0 Evocations


You had 20 spell levels left.
You didn't know any spells.
Your spell library was empty.

Dungeon Overview and Level Annotations

Branches:
Dungeon (15/15)            Temple (1/1) D:6            Lair (2/6) D:8
 Shoals (4/4) Lair:2        Snake (4/4) Lair:2          Orc (0/2) D:11
 Vaults (0/5) D:13         Depths (5/5) D:15            Zot (4/5) Depths:5

Altars:
Ashenzari
Dithmenos
Elyvilon
Fedhas
Gozag
Hepliaklqana
Kikubaaqudgha
Makhleb
Nemelex Xobeh
Okawaru
Qazlal
Ru
Sif Muna
Trog
Uskayaw
Vehumet
Wu Jian
Xom
Yredelemnul
Zin
The Shining One

Shops:
D:4 !   D:5 (   D:9 (   D:11 [   Snake:2 ?*   Depths:1 :   Depths:2 (

Portals:
Hell: Depths:1 Depths:3 Depths:4 Depths:5
Abyss: Depths:4
Ziggurat: Depths:5
Trove: D:10 (give 13 potions of heal wounds)

Annotations:
D:8 3 runed translucent doors, Mukuu's ghost, novice OgHu
D:9 2 transporters, exclusion: obsidian statue
D:14 1 runed translucent door, Deiruco's ghost, journeyman MiFi


Innate Abilities, Weirdness & Mutations

You are resistant to damage.
You can heal yourself by infusing magical energy.
You resist negative energy. (rN+)
You passively map a large area around you.
You do not regenerate.
Scrolls take you a little longer to read.
Your mind is acute. (Int +2)
Your body sometimes deteriorates upon taking damage.
You are frail. (-10% HP)


Message History

The golden dragon claws you!
* * * LOW HITPOINT WARNING * * *
The golden dragon tramples you but does no damage.
Something hits you but does no damage.
You block the quicksilver dragon's attack.
The quicksilver dragon claws you!!
* * * LOW HITPOINT WARNING * * *
The golden dragon barely misses you. You block the golden dragon's attack.
The golden dragon tramples you!
* * * LOW HITPOINT WARNING * * *
You hold your ground!
The white draconian hits you but does no damage.
The quicksilver dragon misses you. The quicksilver dragon claws you!
* * * LOW HITPOINT WARNING * * *
Something hits you but does no damage.
Really read with blurry vision while enemies are nearby?
You block the golden dragon's attack.
The golden dragon claws you but does no damage.
You block the golden dragon's attack. The quicksilver dragon bites you!!
You die...

* ,, ,
#.........
,,
#.........,
#.........
* ,,
#.........
,,*
#.........
,*
#qD.......
*
#dD{......*
#@D......#
#†).[...##
#....#.##
#...?#,#
#......
#...#... ,
#..##...# *
#.## .... *
*, *, *


You could see a golden dragon (berserk), a storm dragon, a white draconian
(berserk), a quicksilver dragon (berserk) and a purple draconian scorcher.

Vanquished Creatures
  2 juggernauts
  A curse toe (Zot:2)
  Vashnia (Snake:3)
  A caustic shrike (Depths:4)
  Nikola (Snake:3)
  A profane servitor (Abyss:2)
  2 bone dragons (Abyss:5)
  5 golden dragons
  7 tentacled monstrosities
  3 liches
  A quicksilver dragon (Depths:3)
  5 tentacled starspawn
  A titan (Depths:3)
  An Executioner (Abyss:2)
  2 death cobs
  Kirke (D:12)
  2 draconian monks (Depths:5)
  3 sphinxes
  A revenant (Abyss:5)
  3 storm dragons
  6 nagarajas
  Donald (Snake:2)
  2 tengu reavers
  5 fire giants (Depths:4)
  A deep elf sorcerer (Abyss:5)
  A draconian scorcher (Zot:4)
  6 frost giants
  A draconian knight (Zot:1)
  A warmonger (Abyss:5)
  2 draconian shifters (Zot:3)
  Aizul (Snake:3)
  4 draconian stormcallers
  A draconian annihilator (Zot:3)
  A spriggan defender (Depths:5)
  8 stone giants
  8 very ugly things (Depths:2)
  A corrupter (Abyss:5)
  3 black draconians
  31 starcursed masses
  Azrael (D:12)
  4 yellow draconians
  6 green draconians
  2 vampire knights
  2 red draconians
  A lorocyproca (Abyss:5)
  4 white draconians
  4 spark wasps (Depths:3)
  2 blizzard demons (Abyss:5)
  3 purple draconians
  7 ettins
  A merfolk javelineer (Shoals:4)
  7 merfolk impalers
  7 yaktaur captains
  Josephine (D:14)
  2 fire dragons
  A green death (Abyss:5)
  4 hydras
  8 naga warriors
  3 ice dragons (Depths:5)
  3 great orbs of eyes
  3 rakshasas
  3 merfolk avatars
  3 spriggan air magi
  A death knight (Abyss:5)
  8 centaur warriors
  13 anacondas
  2 ogre magi
  2 satyrs
  8 two-headed ogres
  3 deep troll earth magi
  2 spriggan berserkers
  4 deep troll shamans
  16 thrashing horrors
  A tengu warrior (Depths:4)
  5 hell hogs (Abyss:5)
  8 shock serpents
  A sun demon (Abyss:5)
  11 naga sharpshooters
  A titan skeleton (Depths:1)
  21 large abominations
  15 hell knights
  5 wretched stars
  An iron troll (Depths:3)
  A sixfirhy (Abyss:4)
  4 sea snakes (Shoals:4)
  A skeletal warrior (Abyss:5)
  3 glowing orange brains
  5 salamander mystics (Snake:4)
  A spatial maelstrom (Abyss:2)
  3 flayed ghosts
  7 deep trolls
  6 unseen horrors
  Pikel (D:8)
  An infernal demonspawn (Abyss:5)
  A shadow demon (Abyss:5)
  4 lindwurms (Snake:4)
  8 naga ritualists
  2 necromancers (Depths:1)
  2 orc knights (D:15)
  3 deep elf magi
  6 cyclopes
  A salamander (Snake:1)
  17 fauns
  11 mana vipers
  7 manticores
  21 ugly things
  4 centaur zombies
  A salamander (shapeshifter) (D:14)
  6 worldbinders
  A stone giant skeleton (Depths:1)
  29 black mambas
  A toenail golem (Abyss:5)
  12 moths of wrath
  4 merfolk sirens
  9 smoke demons
  8 guardian serpents
  5 centaur skeletons
  A titan simulacrum (Depths:1)
  2 gargoyles
  15 naga magi
  3 water nymphs
  3 cane toads
  3 komodo dragons
  An efreet (Abyss:1)
  18 yaktaurs
  A demonic crawler (Abyss:5)
  A freezing wraith (Abyss:5)
  A yaktaur (shapeshifter) (D:15)
  A guardian mummy (D:10)
  An ice devil (Abyss:2)
  2 tengu conjurers (D:15)
  A golden dragon simulacrum (Abyss:4)
  2 hellwings
  3 meliai (D:15)
  2 trolls (D:9)
  7 ancient zymes
  3 hornets (Depths:5)
  3 polar bears (Lair:1)
  8 merfolk
  4 blink frogs (Lair:1)
  39 slime creatures
  32 raiju
  A wind drake (Shoals:4)
  4 dream sheep (Shoals:4)
  7 hippogriffs
  3 snapping turtles
  5 flying skulls (Abyss:4)
  10 wraiths
  3 ynoxinuls (Abyss:5)
  3 spriggans (Depths:5)
  A shadow (Abyss:5)
  A centaur simulacrum (D:15)
  31 yaks
  6 water elementals
  A vampire (D:10)
  5 wyverns
  3 hogs (D:12)
  Grum (D:8)
  2 golden eyes (Abyss:5)
  3 fire elementals (D:12)
  9 chaos spawn
  A steam dragon (D:8)
  8 neqoxecs
  A spatial vortex (Abyss:2)
  2 vampire mosquitoes (D:15)
  4 basilisks
  2 wargs (D:11)
  26 nagas
  5 insubstantial wisps (Abyss:5)
  A soldier ant (D:14)
  14 small abominations
  2 acid dragons
  10 hell hounds
  Duvessa (D:4)
  3 porcupines (Lair:2)
  10 water moccasins
  4 sky beasts
  4 ice beasts
  8 orc warriors
  2 black bears
  8 ogres
  2 wolves (D:8)
  13 centaurs
  3 crocodiles
  3 big kobolds
  2 earth elementals (Abyss:5)
  17 bullfrogs
  Dowan (D:4)
  2 wyvern skeletons (D:14)
  4 scorpions
  21 wights
  7 howler monkeys
  2 electric eels
  4 quasits
  A gnoll shaman (D:9)
  11 hounds
  3 orc priests
  4 jellies
  2 bullfrog skeletons
  An iron imp (Abyss:2)
  Natasha (twice) (D:4)
  13 iguanas
  19 orc wizards
  9 worker ants
  5 lightning spires (Abyss:5)
  A hound zombie (D:10)
  3 worker ant zombies
  19 adders
  6 gnolls
  2 white imps
  3 ufetubi
  An ooze (D:6)
  6 adder skeletons
  A worm (D:4)
  2 leopard geckos
  44 orcs
  3 bats
  A giant cockroach (D:4)
  5 goblins
  A hobgoblin (D:3)
  13 jackals
  4 quokkas
  2 ball pythons
  2 frilled lizards (D:3)
  A jackal zombie (D:9)
  18 kobolds
  A rat (D:2)
  8 starspawn tentacles
1204 creatures vanquished.

Vanquished Creatures (collateral kills)
  A merfolk impaler (Shoals:2)
  4 merfolk (Shoals:2)
5 creatures vanquished.

Vanquished Creatures (others)
  A thrashing horror (Abyss:4)
  A naga sharpshooter (Snake:3)
  A large abomination (Abyss:5)
  A naga mage (Snake:3)
  A raiju (Abyss:5)
  A basilisk (Abyss:4)
  A ynoxinul (Abyss:4)
  A human (D:12)
  2 nagas (Snake:3)
  A small abomination (Abyss:1)
  A crocodile (D:8)
  An orc (D:12)
  3 fungi
  A lurking horror (Abyss:3)
  104 plants
  10 starspawn tentacles
  2 withered plants (D:14)
133 creatures vanquished.

Grand Total: 1342 creatures vanquished

Notes
Turn   | Place    | Note
-------+----------+-------------------------------------------
     0 | D:1      | Flugslaktarn the Deep Dwarf Fighter began the quest for the
                  | Orb.
     0 | D:1      | Reached XP level 1. HP: 20/20 MP: 1/1
   104 | D:2      | Reached skill level 3 in Fighting
   104 | D:2      | Reached XP level 2. HP: 18/28 MP: 2/2
   251 | D:3      | Reached XP level 3. HP: 20/34 MP: 3/3
   273 | D:3      | Reached XP level 4. HP: 41/42 MP: 3/3
   359 | D:4      | Reached XP level 5. HP: 44/50 MP: 4/4
   507 | D:4      | Found a blossoming altar of Fedhas.
   517 | D:4      | Noticed Natasha
   521 | D:4      | Killed Natasha
   521 | D:4      | Reached skill level 4 in Fighting
   523 | D:4      | Found a shimmering blue altar of Sif Muna.
   549 | D:4      | Noticed Duvessa
   551 | D:4      | Noticed Dowan
   568 | D:4      | Killed Duvessa
   568 | D:4      | Reached XP level 6. HP: 50/57 MP: 4/4
   585 | D:4      | Killed Dowan
   687 | D:4      | Reached skill level 5 in Axes
   798 | D:4      | Found Ogro's Distillery.
   804 | D:4      | Bought a potion of haste for 120 gold pieces
   830 | D:4      | Noticed Natasha
   842 | D:4      | Killed Natasha
   842 | D:4      | Reached XP level 7. HP: 29/66 MP: 3/3
   958 | D:5      | Entered Level 5 of the Dungeon
  1099 | D:5      | Found a basalt altar of Yredelemnul.
  1399 | D:5      | Found an ancient bone altar of Kikubaaqudgha.
  1399 | D:5      | Found a bloodstained altar of Trog.
  1469 | D:5      | Reached skill level 5 in Fighting
  1492 | D:5      | Found Wuyrumi's Antique Weapon Emporium.
  1587 | D:6      | Reached skill level 5 in Armour
  1587 | D:6      | Reached skill level 5 in Shields
  1643 | D:6      | Found a staircase to the Ecumenical Temple.
  1728 | Temple   | Entered the Ecumenical Temple
  1774 | Temple   | Became a worshipper of Makhleb the Destroyer
  1879 | D:6      | Reached XP level 8. HP: 26/76 MP: 3/3
  1933 | D:6      | Found a white marble altar of Elyvilon.
  1936 | D:6      | Reached skill level 1 in Invocations
  2139 | D:6      | Reached skill level 6 in Fighting
  2160 | D:6      | Found a hide-covered altar of Uskayaw.
  2710 | D:7      | Gained mutation: You passively map the area around you.
                  | [Deep Dwarf growth]
  2710 | D:7      | Reached XP level 9. HP: 57/85 MP: 6/6
  2727 | D:7      | Reached * piety under Makhleb
  3144 | D:7      | Found a shimmering altar of Xom.
  3144 | D:7      | Found an iron altar of Okawaru.
  3326 | D:8      | Reached skill level 7 in Fighting
  3384 | D:8      | Noticed Grum
  3447 | D:8      | Killed Grum
  3447 | D:8      | Reached skill level 5 in Invocations
  3510 | D:8      | Found a runed translucent gate.
  3510 | D:8      | Found a runed translucent gate.
  3510 | D:8      | Found a runed translucent gate.
  3512 | D:8      | Found an opulent altar of Gozag.
  3512 | D:8      | Noticed a troll
  3513 | D:8      | Noticed Mukuu's ghost (novice OgHu)
  3554 | D:8      | Reached XP level 10. HP: 64/96 MP: 6/6
  3687 | D:8      | Noticed Pikel
  3720 | D:8      | Killed Pikel
  3720 | D:8      | Reached skill level 8 in Fighting
  3976 | D:8      | Reached ** piety under Makhleb
  4085 | D:8      | Found a staircase to the Lair.
  4096 | D:8      | You fall into a shaft and drop 3 floors!
  4100 | D:11     | Found Osaohiw's Antique Armour Shop.
  4130 | D:10     | Entered Level 10 of the Dungeon
  4183 | D:9      | Found a transporter.
  4184 | D:9      | Noticed a purple ugly thing
  4192 | D:9      | Noticed a deep elf archer
  4274 | D:9      | Reached skill level 10 in Axes
  4311 | D:9      | Found Sedghocai's Antique Weapon Boutique.
  4313 | D:9      | Found a transporter.
  4376 | D:9      | Reached *** piety under Makhleb
  4606 | D:9      | Noticed an obsidian statue
  4834 | D:9      | Bought a smoking broad axe for 198 gold pieces
  4834 | D:9      | Identified the +9 broad axe of Ajottagg {flame, rF+ Int+3}
                  | (You bought it in a shop on level 9 of the Dungeon)
  5231 | D:10     | Reached skill level 9 in Fighting
  5325 | D:10     | Noticed a two-headed ogre
  5331 | D:10     | Killed a two-headed ogre
  5331 | D:10     | Reached XP level 11. HP: 74/106 MP: 6/6
  5452 | D:10     | Noticed an ogre mage
  5459 | D:10     | Killed an ogre mage
  5489 | D:10     | Noticed a flayed ghost
  5494 | D:10     | Killed a flayed ghost
  5503 | D:10     | Noticed a centaur warrior
  5513 | D:10     | Killed a centaur warrior
  5523 | D:10     | Noticed a two-headed ogre
  5532 | D:10     | Killed a two-headed ogre
  5532 | D:10     | Reached **** piety under Makhleb
  5533 | D:10     | Killed an unseen horror
  5564 | D:10     | Noticed a centaur warrior
  5568 | D:10     | Killed a centaur warrior
  5756 | D:10     | Found a portal to a secret trove of treasure.
  5763 | D:10     | Reached skill level 10 in Fighting
  5763 | D:10     | Reached skill level 1 in Evocations
  6011 | D:11     | Found a staircase to the Orcish Mines.
  6078 | D:11     | Noticed a brown ugly thing
  6085 | D:11     | Killed a brown ugly thing
  6088 | D:11     | Noticed a two-headed ogre
  6096 | D:11     | Killed a two-headed ogre
  6096 | D:11     | Reached XP level 12. HP: 84/116 MP: 8/8
  6416 | D:11     | Found an opulent altar of Gozag.
  6822 | D:12     | Reached ***** piety under Makhleb
  6931 | D:12     | Noticed Kirke
  6941 | D:12     | Noticed a sphinx
  6943 | D:12     | Killed Kirke
  6943 | D:12     | Reached skill level 11 in Fighting
  7050 | D:12     | Noticed Azrael
  7070 | D:12     | Reached skill level 5 in Evocations
  7076 | D:12     | Killed Azrael
  7086 | D:12     | Reached XP level 13. HP: 115/127 MP: 9/9
  7415 | D:13     | Reached skill level 10 in Shields
  7505 | D:13     | Reached skill level 10 in Armour
  7521 | D:13     | Reached skill level 10 in Invocations
  7636 | D:13     | Found a radiant altar of Vehumet.
  7663 | D:13     | Reached ****** piety under Makhleb
  7671 | D:13     | Found a gate to the Vaults.
  8016 | D:14     | Found an iron altar of Okawaru.
  8104 | D:14     | Found a runed translucent door.
  8104 | D:14     | Noticed Deiruco's ghost (journeyman MiFi)
  8174 | D:14     | Noticed Josephine
  8185 | D:14     | Killed Josephine
  8185 | D:14     | Reached skill level 1 in Dodging
  8254 | D:14     | Reached skill level 12 in Fighting
  8447 | D:15     | Entered Level 15 of the Dungeon
  8580 | D:15     | Gained mutation: You resist negative energy. (rN+) [Deep
                  | Dwarf growth]
  8580 | D:15     | Reached XP level 14. HP: 92/138 MP: 9/9
  8968 | D:15     | Found a staircase to the Depths.
  9334 | D:11     | Bought a pair of boots for 135 gold pieces
  9503 | Lair:1   | Entered Level 1 of the Lair of Beasts
  9650 | Lair:1   | Reached skill level 5 in Dodging
  9905 | Lair:2   | Found a staircase to the Shoals.
  9986 | Lair:2   | Found a staircase to the Snake Pit.
 10019 | Snake:1  | Entered Level 1 of the Snake Pit
 10519 | Snake:2  | Noticed Donald
 10521 | Snake:2  | Found Taddum's Mass Market.
 10550 | Snake:2  | HP: 5/139 [Donald/cursed -2 double sword (19)]
 10556 | Snake:2  | Killed Donald
 10746 | Snake:2  | Reached XP level 15. HP: 146/146 MP: 10/10
 10860 | Snake:2  | Reached skill level 13 in Fighting
 10946 | Snake:2  | Found Qomusen's Magic Scroll Boutique.
 10955 | Snake:2  | Bought a scroll of magic mapping for 66 gold pieces
 11072 | Snake:2  | Reached skill level 15 in Axes
 11086 | Snake:3  | Noticed a nagaraja
 11091 | Snake:3  | Noticed Vashnia
 11098 | Snake:3  | Killed a nagaraja
 11120 | Snake:3  | HP: 7/147 [Vashnia/bolt (29)]
 11125 | Snake:3  | Noticed Nikola
 11350 | Snake:3  | Killed Nikola
 11370 | Snake:3  | Killed Vashnia
 11501 | Snake:3  | Noticed Aizul
 11527 | Snake:3  | Killed Aizul
 11534 | Snake:4  | Entered Level 4 of the Snake Pit
 11539 | Snake:4  | Noticed a nagaraja
 11551 | Snake:4  | Killed a nagaraja
 11748 | Snake:4  | Reached skill level 10 in Evocations
 11785 | Snake:4  | Noticed a nagaraja
 11809 | Snake:4  | Killed a nagaraja
 11809 | Snake:4  | Reached XP level 16. HP: 158/158 MP: 7/7
 11909 | Snake:4  | Reached skill level 14 in Fighting
 11917 | Snake:4  | Reached skill level 10 in Dodging
 11983 | Snake:4  | Got a serpentine rune of Zot
 12239 | Shoals:1 | Entered Level 1 of the Shoals
 12588 | Shoals:4 | Entered Level 4 of the Shoals
 12650 | Shoals:4 | Reached XP level 17. HP: 166/168 MP: 8/8
 12733 | Shoals:4 | Got a barnacled rune of Zot
 13174 | Depths:1 | Entered Level 1 of the Depths
 13280 | Depths:1 | Reached skill level 15 in Fighting
 14002 | Depths:1 | Found a gateway to Hell.
 14063 | Depths:1 | Found Ciaratui's Book Boutique.
 14169 | Depths:2 | Found Ysmuor's Antique Weapon Shop.
 14329 | Depths:3 | Noticed a golden dragon
 14332 | Depths:3 | Noticed a lich
 14339 | Depths:3 | Killed a golden dragon
 14339 | Depths:3 | Gained mutation: You passively map a large area around you.
                  | [Deep Dwarf growth]
 14339 | Depths:3 | Reached XP level 18. HP: 116/181 MP: 8/8
 14357 | Depths:3 | Killed a lich
 14392 | Depths:3 | Reached skill level 15 in Invocations
 14495 | Depths:3 | Reached skill level 16 in Fighting
 14540 | Depths:3 | Noticed a lich
 14574 | Depths:3 | Killed a lich
 14731 | Depths:4 | Noticed a caustic shrike
 14748 | Depths:4 | Killed a caustic shrike
 14935 | Depths:4 | Reached skill level 17 in Fighting
 15039 | Depths:4 | Got a brightly glowing bone ring
 15075 | Depths:4 | Noticed a juggernaut
 15101 | Depths:4 | Killed a juggernaut
 15111 | Depths:4 | Reached skill level 15 in Armour
 15141 | Depths:4 | Found a one-way gate to the infinite horrors of the Abyss.
 15151 | Depths:4 | Voluntarily entered the Abyss.
 15227 | Abyss:1  | Noticed a lich
 15410 | Abyss:2  | Noticed a profane servitor
 15458 | Abyss:2  | Killed a profane servitor
 15517 | Abyss:3  | Got a brightly glowing broad axe
 15559 | Abyss:4  | Identified the +0 broad axe "Dipp" {drain, +Rage rC+ rN+
                  | Dex+5} (You found it on level 3 of the Abyss)
 15569 | Abyss:4  | Identified the ring "Agafucee" {rElec rF- MP+9 Dex+6 SInv}
                  | (You found it on level 4 of the Depths)
 15675 | Abyss:4  | Reached XP level 19. HP: 193/193 MP: 6/6
 15844 | Abyss:4  | Noticed a Brimstone Fiend
 15881 | Abyss:4  | Noticed a Brimstone Fiend
 15895 | Abyss:4  | Reached skill level 18 in Fighting
 15897 | Abyss:4  | Noticed a Tzitzimitl
 15901 | Abyss:5  | Entered Level 5 of the Abyss
 15971 | Abyss:5  | Gained mutation: You are frail. (-10% HP) [a neqoxec]
 15975 | Abyss:5  | Gained mutation: Your mind is acute. (Int +2) [a neqoxec]
 16000 | Abyss:5  | Gained mutation: Your body sometimes deteriorates upon
                  | taking damage. [a neqoxec]
 16214 | Abyss:5  | Gained mutation: Scrolls take you a little longer to read.
                  | [a neqoxec]
 16353 | Abyss:5  | Noticed a bone dragon
 16377 | Abyss:5  | Killed a bone dragon
 16411 | Abyss:5  | Noticed a bone dragon
 16432 | Abyss:5  | Killed a bone dragon
 16509 | Abyss:5  | Paralysed by accursed screaming for 1 turns
 16523 | Abyss:5  | Reached skill level 19 in Fighting
 16633 | Abyss:5  | Got an abyssal rune of Zot
 16696 | Depths:4 | Escaped the Abyss
 16723 | Depths:4 | Reached XP level 20. HP: 96/187 MP: 4/4
 16821 | Depths:4 | Noticed a golden dragon
 16838 | Depths:4 | Killed a golden dragon
 16938 | Depths:5 | Entered Level 5 of the Depths
 17075 | Depths:5 | Found a gateway to a ziggurat.
 17200 | Depths:5 | Noticed a juggernaut
 17227 | Depths:5 | Killed a juggernaut
 17300 | Depths:5 | Noticed a golden dragon
 17303 | Depths:5 | Reached skill level 20 in Fighting
 17328 | Depths:5 | Killed a golden dragon
 17390 | Depths:5 | Found a gate to the Realm of Zot.
 17958 | Snake:2  | Bought the +4 tower shield of the Evening {+Blink rF+ rC+
                  | Dex+3} for 882 gold pieces
 18550 | Zot:1    | Entered Level 1 of the Realm of Zot
 18762 | Zot:2    | Noticed a golden dragon
 18770 | Zot:2    | Noticed a curse toe
 18788 | Zot:1    | Killed a golden dragon
 18895 | Zot:2    | Noticed a golden dragon
 19043 | Zot:2    | Killed a golden dragon
 19051 | Zot:2    | Killed a curse toe
 19175 | Zot:2    | Reached XP level 21. HP: 134/198 MP: 4/4
 19302 | Zot:4    | Noticed a golden dragon
 19325 | Zot:4    | Slain by a quicksilver dragon

Illustrated notes

Levels and vault maps discovered:
D:1:      dpeg_arrival_pits, layout_rooms, minmay_tetromino_t2
D:2:      layout_loops_ring, grunt_ministairs_11, kennysheep_generic_room_14,
          uniq_sigmund
D:3:      layout_basic, overflow_temple_1_default
D:4:      layout_rooms, led_sif_pool, serial_shops, shop, st_stairs_7,
          minmay_fountain_box, fedhas_altar_2, uniq_duvessa, uniq_natasha
D:5:      layout_loops_ring, yredelemnul_altar_generic,
          gammafunk_temple_overflow_pools, serial_shops, nicolae_shop_trees,
          cheibrodos_gnoll_hut
D:6:      layout_basic, lemuel_doored_altar, eat_drink_and_be_merry_uskayaw,
          temple_statues
D:7:      layout_basic, gammafunk_temple_overflow_wave
D:8:      layout_basic, erik_lair_dragon, ebering_ghost_gozag, wad_dig_loot,
          uniq_grum, uniq_pikel
D:9:      gammafunk_sealed_arena, layout_irregular_city, serial_shops, shop,
          minmay_circle_x
D:10:     layout_long_grid, nicolae_trove_entry_path_of_doom, minmay_evil_grid
D:11:     layout_basic, minmay_orc_entry_guard_dogs, basic_altar,
          enter_bailey_7, serial_shops, shop, chequers_serial_rivers_micro_e
D:12:     layout_loops_ring, grunt_ministairs_7, uniq_azrael, uniq_kirke
D:13:     layout_basic, david_vaults_2, basic_altar
D:14:     layout_rooms, gammafunk_ghost_grave, lemuel_crystal_altar,
          uniq_josephine
D:15:     grunt_enter_depths_snipers, layout_loops_ring, grunt_ministairs_9
Temple:   cyrus_circular_temple
Lair:1:   layout_big_grid, serial_bayou, serial_bayou_lagoon_a,
          serial_bayou_shore_a, serial_bayou_crossing, serial_bayou_pond_c,
          columned_hall_lemuel, minivault_25, nicolae_lair_grove_arrangements,
          cheibrodos_lair_lostbears
Lair:2:   layout_regular_city, minmay_shoals_entry_centaurs,
          minmay_snake_entry_six_corridors, grunt_megastairs_4
Shoals:1: layout_shoals
Shoals:2: layout_shoals
Shoals:3: layout_shoals
Shoals:4: shoals_end_grunt_garden, layout_shoals, shoals_ilsuiw_ice
Snake:1:  layout_grid_maze, serial_shops, nicolae_shop_waterfront,
          lemuel_fruit_tree
Snake:2:  layout_cave_pods, serial_shops, shop, minmay_shop_mass, uniq_donald
Snake:3:  layout_rooms, corexii_hall_statues_i, uniq_aizul, uniq_vashnia,
          uniq_nikola
Snake:4:  snake_pit_salamanders_mu, layout_cave_town, serial_bayou_pond_e
Depths:1: layout_gridville, serial_shops, nicolae_shop_stone,
          minmay_misc_feat_alley, grunt_metal_band, minmay_misc_feat_iff,
          drop_trap, kennysheep_generic_room_9
Depths:2: evilmike_library_of_no_secrets, layout_long_grid, minmay_holes,
          serial_shops, shop, shop, kennysheep_mini_moat, hellmouth_1,
          pan_entry, infiniplex_staircase_pillars_1
Depths:3: minmay_box_of_curves, layout_small_grid,
          pf_vacation_house_of_asmodeus, abyss_entry_flame_altar,
          kennysheep_small_spiral, rand_demon_pan_entry_3, lemuel_freeze_loot_1
Depths:4: minmay_the_grid_plus [minmay_the_grid_spin_star,
          minmay_the_grid_slots, minmay_the_grid_square_x,
          minmay_the_grid_holed_spiral, minmay_the_grid_prize_shrinking_boxes],
          layout_cave_shapes, nicolae_two_hexagons,
          infiniplex_enter_wizlab_spiral, hell_entry, minmay_room_of_horrors
Depths:5: grunt_zot_entry_alcove, layout_basic, enter_ziggurat_a, hell_entry,
          minmay_misc_feat_rugged, minmay_misc_feat_secret_circle
Zot:1:    layout_concentric_octagons
Zot:2:    layout_concentric_octagons, hangedman_zot_diagonal_lockstep,
          lemuel_elevator
Zot:3:    layout_concentric_octagons
Zot:4:    layout_onion_interference

Skill      XL: |  1  2  3  4  5  6  7  8  9 10 11 12 13 14 15 16 17 18 19 20 21 |
---------------+----------------------------------------------------------------+-----
Fighting       | 3 4 5 6 7 9 10 11 12 13 14 15 17 19 20 | 20.7
Axes           | 3 4 5 6 7 9 10 11 12 13 14 15 16 18 | 18.0
Shields        | 4 5 6 7 8 9 10 11 12 | 12.8
Armour         | 4 5 6 7 8 9 10 11 12 13 15 16 18 | 18.4
Invocations    | 3 5 7 8 9 10 11 12 13 14 15 | 15.0
Evocations     | 2 5 7 8 10 | 10.0
Dodging        | 3 6 9 11 | 11.0

Action                   |  1- 3 |  4- 6 |  7- 9 | 10-12 | 13-15 | 16-18 | 19-21 || total
-------------------------+-------+-------+-------+-------+-------+-------+-------++-------
Melee: War axe           |    86 |   125 |   357 |   250 |       |       |       ||   818
       Broad axe         |       |       |       |   319 |   823 |   927 |   998 ||  3067
 Abil: Heal Wounds       |     5 |     7 |    15 |    16 |    28 |    10 |    23 ||   104
Evoke: Tin of tremorston |       |       |       |       |     4 |     6 |     3 ||    13
       Wand              |       |       |       |       |     1 |       |     1 ||     2
       Phial of floods   |       |       |       |       |     1 |       |       ||     1
  Use: Potion            |       |     1 |       |     1 |     6 |     2 |     8 ||    18
       Scroll            |       |       |    12 |     6 |     8 |     5 |     8 ||    39
 Stab: Distracted        |       |       |       |       |       |     1 |       ||     1
Armor: Scale mail        |    43 |    16 |       |       |       |       |       ||    59
       Chain mail        |       |    71 |   121 |       |       |       |       ||   192
       Plate armour      |       |       |    92 |   308 |   405 |   414 |   393 ||  1612
       Storm dragon scal |       |       |       |       |       |       |   191 ||   191
       Skin              |       |       |       |       |       |       |    28 ||    28
Dodge: Dodged            |    38 |    35 |    70 |   110 |   271 |   314 |   414 ||  1252
Block: Kite shield       |    51 |    60 |   221 |   384 |   563 |   766 |   775 ||  2820
       Reflection        |       |       |       |       |    44 |    89 |    24 ||   157
       Tower shield      |       |       |       |       |       |       |   357 ||   357

Table legend: (Time is in decaauts)
 A = Elapsed time spent in this place.
 B = Non-inter-level travel time spent in this place.
 C = Inter-level travel time spent in this place.
 D = Time resting spent in this place.
 E = Time spent auto-exploring this place.
 F = Levels seen in this place.
 G = Mean time per level.
                   A        B        C        D        E       F      G
               +--------+--------+--------+--------+--------+-----+--------+
         Total |  19109 |  16128 |   2981 |    567 |   9223 |  40 |  477.7 |
       Dungeon |  10745 |   9055 |   1690 |     62 |   6185 |  15 |  716.3 |
        Temple |     59 |     40 |     19 |      0 |     38 |   1 |   59.0 |
          Lair |    882 |    512 |    370 |      0 |    321 |   2 |  441.0 |
        Shoals |    582 |    448 |    134 |     85 |     69 |   4 |  145.5 |
     Snake Pit |   2256 |   1897 |    359 |      0 |   1117 |   4 |  564.0 |
        Depths |   2481 |   2101 |    380 |     55 |   1044 |   5 |  496.2 |
           Zot |    722 |    696 |     26 |    344 |     68 |   4 |  180.5 |
         Abyss |   1378 |   1378 |      0 |     21 |    379 |   5 |  275.6 |
               +--------+--------+--------+--------+--------+-----+--------+

Top non-repeatable levels by time:
     D:8: 1494 daAuts
    D:15: 1043 daAuts
 Snake:2: 989 daAuts
    D:12: 938 daAuts
    D:10: 892 daAuts
     D:7: 886 daAuts
    D:11: 844 daAuts
     D:6: 833 daAuts
     D:9: 827 daAuts
Depths:4: 816 daAuts
Depths:1: 716 daAuts
 Abyss:5: 690 daAuts
    D:14: 673 daAuts
    D:13: 668 daAuts
     D:4: 653 daAuts
